 Dungeon Crawl Stone Soup version 0.20.0-7-g3b7b877 (webtiles) character file.

800 Hasart the Ogre Mage (level 7, -9/71 HPs)
             Began as an Ogre Wizard on May 29, 2017.
             Splashed by a jelly's acid (10 damage)
             ... on level 5 of the Dungeon.
             The game lasted 00:12:21 (5838 turns).

Hasart the Ogre Mage (Ogre Wizard)                  Turns: 5838, Time: 00:12:22

Health: -9/71      AC: -5    Str: 12    XL:     7   Next: 90%
Magic:  7/17       EV: 10    Int: 21    God:
Gold:   143        SH:  0    Dex:  7    Spells: 12/20 levels left

rFire    . . .     SeeInvis .   p - +0 short sword (elec)
rCold    . . .     Gourm    .   (no shield)
rNeg     . . .     Faith    .   a - +0 robe
rPois    .         Spirit   .   b - +0 hat
rElec    .         Reflect  .   (no cloak)
rCorr    .         Harm     .   (gloves unavailable)
MR       .....                  (boots unavailable)
Stlth    +.........             (no amulet)
Regen    0.3/turn               (no ring)
MPRegen  0.2/turn               (no ring)

@: corroded
A: unfitting armour, tough skin 1
a: no special abilities


You were on level 5 of the Dungeon.
You were hungry.

You visited 1 branch of the dungeon, and saw 5 of its levels.

You collected 143 gold pieces.

Inventory:

Hand Weapons
 p - a +0 short sword of electrocution (weapon)
Armour
 a - a +0 robe (worn)
 b - a +0 hat (worn)
 i - a scarf of spirit shield
Wands
 r - a wand of iceblast (9/15)
Scrolls
 f - 4 scrolls of identify {unknown}
 h - a scroll of immolation {unknown}
 k - 2 scrolls of noise {unknown}
 l - 2 scrolls of remove curse {unknown}
 m - a scroll of blinking {unknown}
Potions
 e - a potion of heal wounds {unknown}
 j - a potion of curing {unknown}
 o - a potion of agility {unknown}
Books
 c - a book of Minor Magic

   Spells                             Type                      Level
   a - Magic Dart                     Conjuration                  1
   b - Blink                          Translocation                2
   c - Call Imp                       Summoning                    2
   d - Slow                           Hexes                        2
   e - Conjure Flame                  Conjuration/Fire             3
   f - Mephitic Cloud                 Conjuration/Poison/Air       3
Comestibles
 d - 3 bread rations
 g - a fruit
 n - a royal jelly
 q - 3 meat rations


   Skills:
 + Level 4.9 Fighting
 - Level 1.7 Dodging
 - Level 1.4 Stealth
 * Level 7.0 Spellcasting
 + Level 2.9 Conjurations
 + Level 2.2 Summonings
 - Level 0.8 Translocations
 + Level 1.7 Air Magic
 + Level 1.6 Poison Magic


You had 12 spell levels left.
You knew the following spells:

 Your Spells              Type           Power        Failure   Level  Hunger
a - Magic Dart            Conj           ###.         2%          1    None
b - Call Imp              Summ           ###.....     5%          2    None
c - Blink                 Tloc           N/A          10%         2    None
d - Mephitic Cloud        Conj/Pois/Air  ###.....     11%         3    #......


Dungeon Overview and Level Annotations

Branches:
Dungeon (5/15)
 Temple: D:4-7

Altars:
Ru
Zin

Annotations:
D:4 Sigmund; spiff's ghost, novice MiFi


Innate Abilities, Weirdness & Mutations

You are too large for most types of armour.
You have tough skin. (AC +1)


Message History

Confirm with . or Enter, or press ? or * to list all spells.
Aiming: Magic Dart
Press: ? - help, Shift-Dir - straight line, f/p - jelly
Aim: a jelly (severely wounded)
The magic dart hits the jelly.
The jelly is severely wounded.
The jelly hits you.
* * * LOW HITPOINT WARNING * * *
The acid corrodes you!
You are splashed with acid!
The acid burns!
* * * LOW HITPOINT WARNING * * *
Unknown command.
Found an escape hatch in the floor.
There is a stone staircase leading up here.
Casting: Magic Dart
Confirm with . or Enter, or press ? or * to list all spells.
A shadowy apparition takes form in the air.
The jelly hits you.
* * * LOW HITPOINT WARNING * * *
You are splashed with acid!
The acid burns!
You die...

......# <..... .....#
# ......##).#.
##########.##........
#........#.##)#
#..........##[#
#..........##.#
#......@J).##.#
#......5......#
#.............#
####........#.##
#...#...<...#
###.#.[.......$.#
............#(..
#...........# ...
####........# ..


You could see a jelly and a friendly shadow imp.

Vanquished Creatures
  2 ogres
  A centaur (D:4)
  A gnoll sergeant (D:4)
  A bullfrog (D:4)
  A hound (D:4)
  2 centaur skeletons
  An orc wizard (D:3)
  Ijyb (D:5)
  Natasha (twice) (D:3)
  An iguana (D:4)
  3 worker ants
  2 gnolls
  3 adders
  2 oozes
  An adder skeleton (D:5)
  A worm (D:5)
  3 dart slugs
  2 leopard geckos
  6 orcs
  7 giant cockroaches
  5 goblins
  6 hobgoblins
  2 quokkas
  2 ball pythons
  9 bats
  5 frilled lizards
  9 kobolds
  7 rats
88 creatures vanquished.

Vanquished Creatures (collateral kills)
  A gnoll (D:3)
  3 orcs (D:3)
4 creatures vanquished.

Grand Total: 92 creatures vanquished

Notes
Turn   | Place    | Note
-------+----------+-------------------------------------------
     0 | D:1      | Hasart the Ogre Wizard began the quest for the Orb.
     0 | D:1      | Reached XP level 1. HP: 16/16 MP: 5/5
   223 | D:1      | Reached skill level 1 in Fighting
   465 | D:1      | Reached skill level 1 in Conjurations
   556 | D:1      | Reached XP level 2. HP: 19/27 MP: 0/6
   690 | D:1      | Reached skill level 4 in Spellcasting
   694 | D:1      | Learned a level 2 spell: Call Imp
   697 | D:1      | Learned a level 2 spell: Blink
  1020 | D:1      | Reached XP level 3. HP: 25/35 MP: 8/8
  1854 | D:2      | Reached XP level 4. HP: 38/44 MP: 6/10
  2860 | D:3      | Reached skill level 5 in Spellcasting
  2889 | D:3      | Reached XP level 5. HP: 49/53 MP: 12/12
  3244 | D:3      | Reached skill level 1 in Summonings
  3340 | D:3      | Found a sacrificial altar of Ru.
  3453 | D:3      | Noticed Natasha
  3459 | D:3      | Killed Natasha
  3971 | D:3      | Learned a level 3 spell: Mephitic Cloud
  4096 | D:4      | Reached XP level 6. HP: 62/62 MP: 12/14
  4193 | D:4      | Reached skill level 6 in Spellcasting
  4489 | D:4      | Reached skill level 1 in Air Magic
  4489 | D:4      | Reached skill level 1 in Poison Magic
  4489 | D:4      | Reached XP level 7. HP: 22/71 MP: 10/16
  5031 | D:4      | Noticed an angel
  5032 | D:4      | Found a glowing silver altar of Zin.
  5371 | D:3      | Noticed Natasha
  5378 | D:3      | Killed Natasha
  5482 | D:4      | Noticed Sigmund
  5715 | D:4      | Noticed spiff's ghost (novice MiFi)
  5740 | D:5      | Entered Level 5 of the Dungeon
  5740 | D:5      | Noticed Ijyb
  5780 | D:5      | Killed Ijyb
  5780 | D:5      | Reached skill level 7 in Spellcasting
  5830 | D:5      | HP: 1/71 [acid (10)]
  5838 | D:5      | HP: 1/71 [jelly (2)]
  5838 | D:5      | Splashed by a jelly's acid

Skill      XL: |  1  2  3  4  5  6  7 |
---------------+----------------------+-----
Fighting       | 1 2 3 4 |  4.9
Conjurations   | 1 2 |  2.9
Spellcasting   | 4 5 6 7 |  7.0
Summonings     | 1 2 |  2.2
Air Magic      | 1 |  1.7
Poison Magic   | 1 |  1.6
Dodging        | |  1.7
Stealth        | |  1.4
Translocations | |  0.8

Action                   |  1- 3 |  4- 6 |  7- 9 || total
-------------------------+-------+-------+-------++-------
Melee: Club              |    30 |       |       ||    30
       Unarmed           |    13 |       |       ||    13
       Spear             |    90 |       |       ||    90
       Short sword       |     1 |   121 |    55 ||   177
 Cast: Magic Dart        |    22 |    32 |    11 ||    65
       Call Imp          |       |     7 |     3 ||    10
       Mephitic Cloud    |       |     2 |     9 ||    11
       Blink             |       |     1 |       ||     1
 Stab: Sleeping          |       |     2 |       ||     2
       Confused          |       |     1 |     1 ||     2
       Distracted        |       |     1 |       ||     1
  Eat: Chunk             |     2 |     8 |     3 ||    13
       Royal jelly       |       |       |     1 ||     1
Armor: Robe              |    51 |    41 |    10 ||   102
Dodge: Dodged            |    79 |   106 |    25 ||   210
